 Dungeon Crawl Stone Soup version 0.27-a0-1200-g94dc6ad4cf (webtiles) character file.

Game seed: 13664573188929239147

8571 quinnr the Fighter (level 11, -4/86 HPs)
             Began as a Djinni Ice Elementalist on May 31, 2021.
             Was a Believer of Makhleb.
             Slain by a two-headed ogre
             ... wielding a +0 giant club
              (20 damage)
             ... on level 10 of the Dungeon.
             The game lasted 00:42:55 (13105 turns).

quinnr the Fighter (Djinni Ice Elementalist)       Turns: 13105, Time: 00:42:55

Health: -4/86      AC: 15    Str: 11    XL:     11   Next: 58%
Gold:   212        EV:  8    Int: 21    God:    Makhleb [**....] SH:  5 Dex: 13

rFire    + + .     SeeInvis .   m - staff of cold
rCold    . . .     Faith    .   (no shield)
rNeg     + . .     Spirit   .   g - +3 leather armour of the Learner {Str+4}
rPois    ∞         Reflect  +   (no helmet)
rElec    .         Harm     .   x - scarf {repulsion}
rCorr    .         Rampage  .   G - +0 pair of gloves
Will     ++...                  (boots unavailable)
Stlth    ++........             D - amulet of reflection
HPRegen  0.24/turn              k - ring of willpower
MPRegen  0.00/turn              M - ring "Ahojadut" {Wiz rN+}

@: ice-armoured, vertiginous, freezing walls, flying, slowed, repel missiles,
very slow
A: sickness immunity, fire resistance 2, cold vulnerability 1, float, innate
caster, hp casting, extra vitality 1
a: Renounce Religion, Minor Destruction


You were on level 10 of the Dungeon.
You worshipped Makhleb.
Makhleb was pleased with you.
You visited 2 branches of the dungeon, and saw 11 of its levels.
You also visited: Ossuary.

You collected 695 gold pieces.
You spent 483 gold pieces at shops.

Inventory:

Hand Weapons
 b - a +2 vampiric falchion
Missiles
 i - 241 stones
 K - 7 javelins
Armour
 g - the +3 leather armour of the Learner (worn) {Str+4}
   (You found it on level 6 of the Dungeon)

   It affects your strength (+4).
 t - a +1 cloak
 x - a scarf of repulsion (worn)
 G - a +0 pair of gloves (worn)
Magical Staves
 m - a staff of cold (weapon)
Jewellery
 k - a ring of willpower (left hand)
 w - a +4 ring of protection
 D - an amulet of reflection (around neck)
 M - the ring "Ahojadut" (right hand) {Wiz rN+}
   (You bought it in a shop on level 5 of the Dungeon)

   [ring of wizardry]

   It improves your spell success rate.
   It protects you from negative energy.
Wands
 c - a wand of charming (7)
 y - a wand of flame (25)
 B - a wand of iceblast (10)
 E - a wand of paralysis (6)
 O - a wand of polymorph (12)
Scrolls
 d - a scroll of fog {unknown}
 e - 2 scrolls of amnesia {unknown}
 j - a scroll of fear {unknown}
 o - a scroll of enchant weapon {unknown}
 p - 2 scrolls of teleportation
 q - a scroll of blinking {unknown}
 s - 5 scrolls of immolation
 v - 2 scrolls of summoning {unknown}
 C - 2 scrolls of holy word
 F - a scroll of noise {unknown}
 I - 2 scrolls of brand weapon {unknown}
 N - a scroll of vulnerability {unknown}
Potions
 a - 4 potions of haste {unknown}
 f - 3 potions of brilliance
 h - 2 potions of might
 l - 8 potions of curing
 n - a potion of mutation
 r - a potion of resistance
 u - a potion of heal wounds
 z - 2 potions of degeneration {unknown}
 A - 2 potions of cancellation {unknown}
 H - a potion of lignification
 J - 2 potions of ambrosia {unknown}
 L - 3 potions of attraction {unknown}


   Skills:
 + Level 10.4 Fighting
 - Level 6.0 Dodging
 - Level 1.5 Stealth
 - Level 10.0 Spellcasting
 - Level 4.0 Evocations


You had one spell level left.
You knew the following spells:

 Your Spells              Type           Power      Damage    Failure   Level
a - Freeze                Ice            100%       1d11      1%          1
b - Frozen Ramparts       Ice            100%       1d12      1%          3
c - Ozocubu's Armour      Ice            68%        N/A       1%          3
d - Hailstorm             Conj/Ice       68%        3d14      1%          4
e - Metabolic Englaciati  Hex/Ice        34%        N/A       3%          5
f - Shock                 Conj/Air       100%       1d9       1%          1
g - Slow                  Hex            51%        N/A       1%          2
h - Blink                 Tloc           N/A        N/A       1%          2
i - Mephitic Cloud        Conj/Pois/Air  51%        N/A       1%          3
j - Alistair's Intoxicat  Tmut/Pois      34%        N/A       3%          5
Your spell library was empty.

Dungeon Overview and Level Annotations

Branches:
Dungeon (10/15)            Temple (1/1) D:4             Orc (0/2) D:9
Ossuary (visited)
   Lair: D:8-11

Altars:
Ashenzari
Cheibriados
Dithmenos
Elyvilon
Fedhas
Gozag
Hepliaklqana
Kikubaaqudgha
Makhleb
Nemelex Xobeh
Okawaru
Qazlal
Ru
Sif Muna
Trog
Uskayaw
Vehumet
Wu Jian
Xom
Yredelemnul
Zin
The Shining One

Shops:
D:1 =   D:5 =   D:8 ?:

Annotations:
D:6 2 transporters, brennanasaurus's ghost, novice DjFE


Innate Abilities, Weirdness & Mutations

You are immune to sickness and miasma.
You are immune to poison.
Your flesh is very heat resistant. (rF++)
You are vulnerable to cold. (rC-)
You float through the air rather than walking.
You learn spells naturally, not from books.
Your magical power is your life essence.
You have superior vitality. (+4 HP)


Message History

Aiming: Shock (safe; 1% risk of failure)
Press: ? - help, Q - select action, (/) - cycle Shift-Dir - straight line, f/p - wraith
Aim: a wraith (almost destroyed, 74% to hit)
The zap hits the wraith.
The wraith is almost destroyed.
The wraith resists.
The wall freezes the wraith.
The wraith barely misses you.
The wall freezes the two-headed ogre.
The wraith resists.
The wall freezes the wraith.
You destroy the wraith!
Makhleb accepts your kill.
You feel better.
The wall freezes the two-headed ogre!
Unknown command.
Casting: Shock (safe; 1% risk of failure)
Confirm with . or Enter, or press ? or * to list all spells.
You attempt to intoxicate your foes!
The two-headed ogre looks rather confused.
The world spins around you!
The wall freezes the two-headed ogre.
Unknown command.
Casting: Alistair's Intoxication (dangerous; 3% risk of failure)
Confirm with . or Enter, or press ? or * to list all spells.
Aiming: Freeze (safe; 1% risk of failure)
Press: ? - help, Shift-Dir - straight line, f - two-headed ogre
Aim: a two-headed ogre, wielding two +0 giant clubs (moderately wounded, confused)
You feel a surge of power!
You freeze the two-headed ogre!
The two-headed ogre is moderately wounded.
The wall freezes the two-headed ogre.
You block the two-headed ogre's attack.
The two-headed ogre hits you with a +0 giant club!
Casting: Freeze (safe; 1% risk of failure)
Confirm with . or Enter, or press ? or * to list all spells.
Aiming: Freeze (safe; 1% risk of failure)
Press: ? - help, Shift-Dir - straight line, f/p - two-headed ogre
Aim: a two-headed ogre, wielding two +0 giant clubs (heavily wounded, confused)
You feel a surge of power!
You freeze the two-headed ogre!
The two-headed ogre is severely wounded.
The wall freezes the two-headed ogre. x2
The two-headed ogre hits you with a +0 giant club!
* * * LOW HITPOINT WARNING * * *
The two-headed ogre hits you with a +0 giant club!!
You die...

#..#
#..............
#..#
#.....########.
#..###....... #.
#...........##
#####.........#.#
........#####....
###...........#..
.................Y
###..#.@........
......O†########
....###...# ..#.
#.#.# .. #)....#
....#.# .##....!.
Y. .###... ). ..
#..


You could see a two-headed ogre (confused).

Vanquished Creatures
  2 two-headed ogres (D:9)
  Pikel (D:4)
  3 kobold demonologists (D:9)
  A komodo dragon (D:7)
  Grinder (D:4)
  A shadow (D:6)
  11 yaks
  A wraith (D:10)
  Sigmund (D:5)
  A wyvern (D:8)
  A water moccasin (D:7)
  A sky beast (D:6)
  A black bear (D:7)
  3 necrophages
  An orc warrior (D:10)
  A hornet zombie (D:7)
  An ogre (D:7)
  4 centaurs
  A lemure (D:4)
  A phantom (D:6)
  2 kobold brigands
  Blork the orc (D:4)
  4 bullfrogs
  3 elf zombies (Ossuary)
  A gnoll sergeant (D:9)
  2 scorpions
  3 killer bees (D:10)
  3 wights (D:9)
  8 centaur zombies
  6 jellies
  A bullfrog skeleton (D:7)
  3 human zombies (Ossuary)
  A gnoll shaman (D:6)
  An orc priest (D:3)
  Crazy Yiuf (D:3)
  A hound (D:5)
  A centaur skeleton (D:4)
  Jessica (D:2)
  6 iguanas
  2 orc wizards
  Natasha (thrice) (D:3)
  A killer bee zombie (D:5)
  3 mummies (Ossuary)
  A howler monkey zombie (D:9)
  6 gnolls
  4 adders
  2 worms
  3 dart slugs
  15 orcs
  7 ball pythons
  4 bats
  4 endoplasms
  2 giant cockroaches
  6 goblins
  6 hobgoblins
  2 jackals (D:5)
  A quokka (D:1)
  2 frilled lizards (D:2)
  A jackal zombie (D:8)
  13 kobolds
  A kobold zombie (D:8)
  A rat (D:1)
177 creatures vanquished.

Notes
Turn   | Place    | Note
-------+----------+-------------------------------------------
     0 | D:1      | quinnr the Djinni Ice Elementalist began the quest for the
                  | Orb.
     0 | D:1      | Reached XP level 1. HP: 15/15 MP: 0/0
    62 | D:1      | Found Irotif's Jewellery Shoppe.
   290 | D:1      | Reached XP level 2. HP: 17/21 MP: 0/0
  1061 | D:2      | Reached XP level 3. HP: 17/25 MP: 0/0
  1061 | D:2      | Learned a level 1 spell: Shock
  1401 | D:2      | quinnr: ??riposte
  1401 | D:2      | beem: riposte[1/3]: New mechanic in 0.19. Long blades & the
                  | {fencer's gloves} give a 33% chance to retaliate when
                  | enemies miss you, giving you an automatic free attack.
                  | Monsters aren't cool enough to riposte.
  1512 | D:2      | Found a faded altar of an unknown god.
  1738 | D:2      | Noticed Jessica
  1745 | D:2      | Killed Jessica
  1746 | D:2      | Reached XP level 4. HP: 22/31 MP: 0/0
  2300 | D:3      | Noticed Natasha
  2309 | D:3      | Killed Natasha
  2310 | D:3      | Reached XP level 5. HP: 30/35 MP: 0/0
  2310 | D:3      | Learned a level 2 spell: Slow
  2365 | D:3      | Noticed Natasha
  2376 | D:3      | Killed Natasha
  2379 | D:3      | quinnr: ??shock
  2379 | D:3      | beem: shock[1/1]: Level 1 conjuration/air spell which fires
                  | a weak bolt of lightning. It's still lightning though -
                  | prepare for {bolt bouncing} (and exploit it, if possible)
                  | To-hit: 8+power/7.
  2724 | D:3      | Reached skill level 5 in Spellcasting
  2742 | D:3      | Noticed Natasha
  2748 | D:3      | Killed Natasha
  2935 | D:3      | Reached XP level 6. HP: 33/40 MP: 0/0
  3302 | D:3      | Found a sacrificial altar of Ru.
  3500 | D:3      | Found a runed translucent door.
  3501 | D:3      | Noticed Crazy Yiuf
  3508 | D:3      | Killed Crazy Yiuf
  3694 | D:4      | Noticed Blork the orc
  3697 | D:4      | Found an opulent altar of Gozag.
  3701 | D:4      | Killed Blork the orc
  3778 | D:4      | Noticed Grinder
  3808 | D:4      | Killed Grinder
  3809 | D:4      | Reached XP level 7. HP: 23/45 MP: 0/0
  3809 | D:4      | Learned a level 2 spell: Blink
  4082 | D:4      | Found a staircase to the Ecumenical Temple.
  4090 | Temple   | Entered the Ecumenical Temple
  4140 | Temple   | Became a worshipper of Makhleb the Destroyer
  4183 | D:4      | Noticed Pikel
  4226 | D:4      | Killed Pikel
  4227 | D:4      | Reached XP level 8. HP: 13/50 MP: 0/0
  4745 | D:5      | Entered Level 5 of the Dungeon
  4822 | D:5      | Found Cuxadd's Jewellery Shop.
  5044 | D:5      | Noticed Sigmund
  5312 | D:5      | Found a hazy altar of Hepliaklqana.
  5646 | D:6      | Noticed a queen bee
  5654 | D:6      | Found a transporter.
  5658 | D:6      | Found a transporter.
  5766 | D:6      | Noticed brennanasaurus's ghost (novice DjFE)
  5769 | D:6      | Noticed a hornet
  5894 | D:6      | Reached XP level 9. HP: 41/55 MP: 0/0
  5894 | D:6      | Learned a level 3 spell: Mephitic Cloud
  6138 | D:6      | Identified the +3 leather armour of the Learner {Str+4}
  6735 | D:5      | Killed Sigmund
  7983 | D:7      | Found a hide-covered altar of Uskayaw.
  8191 | D:7      | Noticed a komodo dragon
  8196 | D:7      | Reached skill level 10 in Spellcasting
  8196 | D:7      | Reached skill level 1 in Fighting
  8201 | D:7      | Killed a komodo dragon
  8431 | D:7      | Reached XP level 10. HP: 43/69 MP: 0/0
  8598 | D:7      | Found a white marble altar of Elyvilon.
  8601 | D:7      | Found a snail-covered altar of Cheibriados.
  8726 | D:5      | quinnr: ??wizardy
  8726 | D:5      | quinnr: ??wizardry
  8726 | D:5      | quinnr: BEEM
  8726 | D:5      | Bought the ring "Ahojadut" {Wiz rN+} for 453 gold pieces
  8727 | D:5      | quinnr: ??mephetic cloud
  8727 | D:5      | beem: mephetic cloud ~ mephitic cloud[1/7]: Fills the
                  | target square and some of the adjacent squares with clouds
                  | of noxious fumes. Any creature breathing these fumes may
                  | become {confused} unless resistant to poison and/or
                  | confusion. Conjurations/Poison/Air 3. Loud.
  8727 | D:5      | quinnr: ??wizardy
  8727 | D:5      | beem: I don't have a page labeled wizardy in my learndb.
                  | Did you mean: wizard, wizardry.
  8727 | D:5      | quinnr: ??wizardry
  8727 | D:5      | beem: ring of wizardry[1/2]: Makes spellcasting less likely
                  | to fail. Comes in ring form that stack, but not very well.
                  | Vehumet grants a similar boost to {destructive spells},
                  | which stacks well with the ring.
  9102 | D:7      | Reached skill level 5 in Fighting
  9432 | D:8      | Found a sand-covered staircase.
  9440 | D:8      | Reached * piety under Makhleb
  9443 | D:8      | Found Esitulon's Magic Scroll Emporium.
  9459 | Ossuary  | Entered an ossuary
 10315 | D:8      | Bought a scroll of identify for 30 gold pieces
 10486 | D:8      | Found Inteagg's Book Shoppe.
 10578 | D:8      | quinnr: ??makhleb
 10578 | D:8      | beem: makhleb[1/4]: Makhleb wants kills and provides
                  | hp-for-kills, two conjuration invocations, and two
                  | summoning invocations. Note that Minor Destruction has no
                  | piety cost, so you can use it freely (though it is
                  | hungering); servants are not 100% friendly; and greater
                  | demons are effective against essentially everything.
 10578 | D:8      | quinnr: ??makhleb[2
 10578 | D:8      | beem: makhleb[2/4]: See {minor destruction}, {lesser
                  | servant}, {major destruction}, or {greater servant} for
                  | details on the invocations.
 10578 | D:8      | quinnr: ??makhleb[3
 10578 | D:8      | beem: makhleb[3/4]: The hp gain is HD - 1 + 1d(HD) and the
                  | chance of being healed is (piety-30)/piety.
 10578 | D:8      | quinnr: ??makhleb[4
 10578 | D:8      | beem: makhleb[4/4]: {minor destruction}: Costs 1 HP and
                  | 20-40 Food, {lesser servant}: Costs 4 HP, 50-100 Food, and
                  | 1-2 Piety, {major destruction}: Costs 6 HP, 100-200 Food,
                  | and 0-1 Piety, {greater servant}: Costs 10 HP, 100-200
                  | Food, and 5-8 Piety
 11224 | D:9      | Found a shadowy altar of Dithmenos.
 11329 | D:9      | Noticed a two-headed ogre
 11329 | D:9      | Noticed a kobold demonologist
 11349 | D:9      | Killed a two-headed ogre
 11362 | D:9      | Noticed a kobold demonologist
 11366 | D:9      | Killed a kobold demonologist
 11366 | D:9      | Reached ** piety under Makhleb
 11372 | D:9      | Killed a kobold demonologist
 11376 | D:9      | Reached skill level 5 in Dodging
 11526 | D:9      | Noticed a two-headed ogre
 11535 | D:9      | Killed a two-headed ogre
 11536 | D:9      | Reached XP level 11. HP: 70/84 MP: 0/0
 11536 | D:9      | Learned a level 5 spell: Alistair's Intoxication
 11536 | D:9      | quinnr: ??Alistair's Intoxication
 11536 | D:9      | beem: alistair's intoxication[1/1]: L5 Transmutation-Poison
                  | spell. Has a (40 + power/3)% (max 73%) chance of confusing
                  | each natural, non-poison resistant monster in line of sight
                  | with greater than animal intelligence; 1/3 chance of making
                  | this check on rPois monsters. Inflicts {vertigo} on the
                  | caster.
 11536 | D:9      | quinnr: ??vertigo
 11536 | D:9      | beem: vertigo[1/1]: A short-lived status (3-6 turns) caused
                  | by casting {Alistair's Intoxication} or from Xom. The
                  | effect is about the same as wearing heavier armour:
                  | decreased EV, increased spellcasting failure, and decreased
                  | accuracy.
 11725 | D:9      | Reached skill level 1 in Evocations
 11885 | D:9      | Found a staircase to the Orcish Mines.
 12182 | D:9      | Found a blossoming altar of Fedhas.
 12440 | D:9      | Found a shimmering altar of Xom.
 12592 | D:10     | Entered Level 10 of the Dungeon
 12939 | D:10     | Reached skill level 10 in Fighting
 13100 | D:10     | Noticed a two-headed ogre
 13105 | D:10     | Slain by a two-headed ogre

Illustrated notes

Levels and vault maps discovered:
D:1:      eino_arrival_tree_alley, layout_basic, serial_shops, shop, hex_large,
          minmay_hedge_maze, hangedman_decor_push
D:2:      layout_loops_ring, chequers_ecumenical_altar_simple, uniq_jessica
D:3:      layout_rooms, lemuel_round_altar, uniq_natasha,
          uniq_crazy_yiuf_cottage
D:4:      layout_rooms, amcnicky_altar_gilded, minmay_temple_entry_glassed_door,
          uniq_blork_the_orc, uniq_grinder, uniq_pikel
D:5:      layout_rooms, nicolae_hepliaklqana_hippocampus, serial_shops,
          shop_fountains, uniq_sigmund
D:6:      layout_loops_corners, gammafunk_ghost_hive
D:7:      layout_loops_corners, kennysheep_little_box, jmf_multi_god_temple
D:8:      layout_basic, enter_ossuary_3, serial_shops, shop, shop
D:9:      layout_roguey, dk_xom_monty_hall, nicolae_dithmenos_the_darkroom,
          fedhas_altar_fruit_tree, orc_0_dummy
D:10:     layout_basic, minmay_fractal_squares_5
Temple:   cyrus_circular_temple

Skill      XL: |  1  2  3  4  5  6  7  8  9 10 11 |
---------------+----------------------------------+-----
Spellcasting   | 4 5 6 7 8 10 | 10.0
Fighting       | 4 9 10 | 10.4
Dodging        | 5 6 |  6.0
Evocations     | 4 |  4.0
Stealth        | |  1.5

Action                   |  1- 3 |  4- 6 |  7- 9 | 10-12 || total
-------------------------+-------+-------+-------+-------++-------
Melee: Falchion          |     4 |     1 |       |       ||     5
       Staff             |       |       |       |     2 ||     2
Throw: Boomerang         |     3 |       |     3 |       ||     6
 Cast: Freeze            |    30 |     3 |     6 |    23 ||    62
       Frozen Ramparts   |     3 |    14 |    12 |    19 ||    48
       Shock             |     1 |    61 |   126 |   174 ||   362
       Ozocubu's Armour  |     1 |     1 |     6 |     4 ||    12
       Slow              |       |     8 |     5 |     4 ||    17
       Hailstorm         |       |     1 |    11 |    35 ||    47
       Metabolic Englaci |       |     1 |     1 |     9 ||    11
       Mephitic Cloud    |       |       |     5 |    11 ||    16
       Blink             |       |       |       |     5 ||     5
       Alistair's Intoxi |       |       |       |     1 ||     1
  Use: Scroll            |       |       |     8 |     4 ||    12
 Stab: Sleeping          |     1 |       |       |       ||     1
Armor: Robe              |     3 |     2 |     1 |       ||     6
       Leather armour    |       |       |     7 |    56 ||    63
Dodge: Dodged            |    10 |     9 |    29 |    41 ||    89
Block: Other             |       |       |     4 |    28 ||    32
       Reflection        |       |       |       |     4 ||     4
       Rpst.: Falchion   |     3 |     4 |    13 |     5 ||    25

Table legend: (Time is in decaauts)
 A = Elapsed time spent in this place.
 B = Non-inter-level travel time spent in this place.
 C = Inter-level travel time spent in this place.
 D = Time resting spent in this place.
 E = Time spent auto-exploring this place.
 F = Levels seen in this place.
 G = Mean time per level.
                   A        B        C        D        E       F      G
               +--------+--------+--------+--------+--------+-----+--------+
         Total |  13122 |  12094 |   1028 |   3402 |   7151 |  12 | 1093.5 |
       Dungeon |  12253 |  11248 |   1005 |   2823 |   7071 |  10 | 1225.3 |
        Temple |     65 |     42 |     23 |      0 |     41 |   1 |   65.0 |
       Ossuary |    802 |    802 |      0 |    579 |     39 |   1 |  802.0 |
               +--------+--------+--------+--------+--------+-----+--------+

Top non-repeatable levels by time:
     D:6: 1804 daAuts
     D:7: 1636 daAuts
     D:3: 1550 daAuts
     D:5: 1325 daAuts
     D:9: 1300 daAuts
     D:2: 1134 daAuts
     D:1: 1116 daAuts
     D:8: 984 daAuts
     D:4: 884 daAuts
 Ossuary: 802 daAuts
    D:10: 515 daAuts
  Temple: 65 daAuts
